 Dungeon Crawl Stone Soup version 0.22-a0-448-g1fb7470 (webtiles) character file.

15389 pk666 the Thaumaturge (level 12, -2/59 HPs)
             Began as a Deep Elf Fire Elementalist on June 5, 2018.
             Was a Priest of Vehumet.
             Slain by a minotaur
             ... wielding a +4 scimitar of holy wrath
              (32 damage)
             ... in a labyrinth.
             The game lasted 01:01:00 (16579 turns).

pk666 the Thaumaturge (Deep Elf Fire Elementalist) Turns: 16579, Time: 01:01:01

Health: -2/59      AC:  5    Str:  5    XL:     12   Next: 0%
Magic:  26/32      EV: 18    Int: 26    God:    Vehumet [***...]
Gold:   890        SH:  0    Dex: 18    Spells: 26/40 levels left

rFire    + . .     SeeInvis .   H - staff of wizardry
rCold    . . .     Gourm    .   (no shield)
rNeg     . . .     Faith    .   A - +1 robe "Opred" {rC- MR+++ Regen+ Slay-4}
rPois    .         Spirit   .   (no helmet)
rElec    .         Reflect  .   i - scarf {rC+ rF+}
rCorr    .         Harm     .   C - +0 pair of gloves
MR       ++++.                  j - +0 pair of boots
Stlth    ++........             n - amulet of the acrobat
HPRegen  0.59/turn              g - +3 ring of dexterity
MPRegen  0.23/turn              (no ring)

@: no status effects
A: no striking features
a: Renounce Religion


You were in a labyrinth.
You worshipped Vehumet.
Vehumet was most pleased with you.
You were not hungry.

You visited 3 branches of the dungeon, and saw 13 of its levels.
You also visited: Labyrinth and Sewer.

You collected 980 gold pieces.
You spent 90 gold pieces at shops.

Inventory:

Armour
 a - a +1 robe
 i - a scarf of resistance (worn)
 j - a +0 pair of boots (worn)
 A - the +1 robe "Opred" (worn) {rC- MR+++ Regen+ Slay-4}
   (You found it on level 2 of the Lair of Beasts)

   It affects your accuracy and damage with ranged weapons and melee attacks
   (-4).
   It makes you vulnerable to cold.
   It affects your resistance to hostile enchantments.
   It increases your rate of regeneration.
 C - a +0 pair of gloves (worn)
Magical Staves
 H - an uncursed staff of wizardry (weapon)
Jewellery
 g - a +3 ring of dexterity (left hand)
 n - an amulet of the acrobat (around neck)
 r - an uncursed amulet of regeneration
 G - a +2 amulet of reflection {unknown}
Wands
 p - a wand of paralysis (9)
 s - a wand of disintegration (48)
 w - a wand of acid (2)
 x - a wand of polymorph (12)
 y - a wand of flame (18)
 B - a wand of random effects (10)
 E - a wand of clouds (7)
 F - a wand of iceblast (9)
 I - a wand of digging (16)
 L - a wand of scattershot (6)
Scrolls
 b - 2 scrolls of enchant weapon
 f - 9 scrolls of remove curse
 h - 2 scrolls of identify
 k - a scroll of fear
 l - 2 scrolls of enchant armour
 o - 3 scrolls of teleportation
 K - a scroll of amnesia {unknown}
Potions
 d - a potion of might
 e - 4 potions of heal wounds
 m - 4 potions of brilliance
 q - a potion of resistance {unknown}
 t - 4 potions of flight
 u - 4 potions of curing
 v - a potion of haste
 z - 2 potions of berserk rage
 D - a potion of magic
 J - a potion of cancellation
Comestibles
 c - 21 rations


   Skills:
 + Level 7.6 Dodging
 - Level 2.4 Stealth
 * Level 14.7 Spellcasting
 + Level 11.5 Conjurations
 + Level 11.4 Fire Magic


You had 26 spell levels left.
You knew the following spells:

 Your Spells              Type           Power        Failure   Level  Hunger
a - Flame Tongue          Conj/Fire      #####        1%          1    None
b - Sticky Flame          Conj/Fire      ######..     1%          4    None
c - Conjure Flame         Conj/Fire      ######..     1%          3    None
d - Apportation           Tloc           ###...       1%          1    None
z - Fireball              Conj/Fire      ######....   1%          5    #......

Your spell library contained the following spells:

 Spells                   Type           Power        Failure   Level  Hunger
 Throw Flame              Conj/Fire      ######       1%          2    None
 Summon Small Mammal      Summ           ###.         1%          1    None
 Animate Skeleton         Necr           N/A          1%          1    None
 Confusing Touch          Hex            ###...       1%          1    None
 Inner Flame              Hex/Fire       #####...     1%          3    None


Dungeon Overview and Level Annotations

Branches:
Dungeon (9/15)             Temple (1/1) D:6            Lair (3/6) D:9
  Swamp (0/4) Lair:3       Spider (0/4) Lair:2          Orc (0/2) D:9

Altars:
Ashenzari
Dithmenos
Fedhas
Gozag
Hepliaklqana
Makhleb
Nemelex Xobeh
Okawaru
Qazlal
Ru
Sif Muna
Trog
Vehumet
Wu Jian
Xom
Yredelemnul
The Shining One

Shops:
D:4 ?   D:5 ![*!=   D:9 [


Message History

The minotaur is engulfed in blazing flames.
The minotaur misses you. The minotaur completely misses you.
The minotaur is engulfed in blazing flames.
The minotaur completely misses you. The minotaur gores you.
The minotaur is engulfed in blazing flames.
The minotaur completely misses you. The minotaur misses you.
The minotaur is engulfed in blazing flames.
The minotaur hits you with a scimitar of holy wrath!
The minotaur completely misses you.
The minotaur is engulfed in blazing flames.
The minotaur closely misses you. The minotaur completely misses you.
The minotaur hits you with a scimitar of holy wrath!!
* * * LOW HITPOINT WARNING * * *
The minotaur gores you.
* * * LOW HITPOINT WARNING * * *
You feel much better.
The minotaur is engulfed in blazing flames.
The minotaur hits you with a scimitar of holy wrath!!
Ouch! That really hurt!
You die...

### .. #.###
# ... #
###H### # #
# #. .#@#. #
. # #
###.#.#.####
. # ..#.#.
.#.. #.#.#
#.#.#.## #.#
#.#(#. .#.
.# #.
#.###.#. .#.
## # #.....
.# #. . #...
#### ###.# .
.## #
......... .
#.# #


You could see a minotaur.

Vanquished Creatures
  A hydra (Lair:3)
  A two-headed ogre (D:9)
  Nergalle (Lair:2)
  Pikel (D:6)
  The ghost of pk666 the Magician, a novice DEFE of Vehumet (D:6)
  2 spiny frogs
  4 gargoyles (Lab)
  A komodo dragon (Lair:1)
  A kobold demonologist (D:9)
  2 jumping spiders (Lair:2)
  A queen bee (Lair:1)
  4 blink frogs (Lair:2)
  Grinder (D:3)
  4 hippogriffs
  A redback (Lair:2)
  A yak (D:9)
  A shadow (Lab)
  A wyvern (D:9)
  2 basilisks (Lab)
  4 hungry ghosts (Lab)
  A steam dragon (D:8)
  2 wargs (D:9)
  6 water moccasins
  2 porcupines
  Purgy (Sewer)
  A slave (D:6)
  4 orc warriors
  3 ice beasts
  2 sky beasts
  A necrophage (D:8)
  2 phantoms
  5 ogres
  5 crocodiles
  3 centaurs
  6 bullfrogs
  A gnoll sergeant (D:9)
  2 scorpions
  A water moccasin skeleton (D:6)
  27 killer bees
  3 wights (D:9)
  A bullfrog zombie (D:5)
  A centaur zombie (D:8)
  2 quasits
  3 hounds
  8 orc priests
  Crazy Yiuf (D:6)
  A centaur skeleton (D:6)
  A jelly (D:9)
  2 iguanas
  16 orc wizards
  6 worker ants
  A hound skeleton (D:4)
  2 worker ant zombies (D:9)
  8 gnolls
  9 adders
  A shadow imp (D:9)
  An adder zombie (D:8)
  2 adder skeletons
  A worm (D:2)
  2 dart slugs (D:3)
  2 leopard geckos
  79 orcs
  10 bats
  7 giant cockroaches
  8 goblins
  6 hobgoblins
  2 jackals (D:4)
  3 quokkas
  3 ball pythons
  A ball python skeleton (D:4)
  3 frilled lizards
  A jackal skeleton (D:6)
  A jackal zombie (D:5)
  5 kobolds
  A leopard gecko skeleton (D:4)
  10 rats
324 creatures vanquished.

Vanquished Creatures (others)
  A crimson imp (D:6)
1 creature vanquished.

Grand Total: 325 creatures vanquished

Notes
Turn   | Place    | Note
-------+----------+-------------------------------------------
     0 | D:1      | pk666 the Deep Elf Fire Elementalist began the quest for the Orb.
     0 | D:1      | Reached XP level 1. HP: 10/10 MP: 6/6
   181 | D:1      | Reached XP level 2. HP: 15/15 MP: 5/8
  1088 | D:2      | Reached XP level 3. HP: 19/19 MP: 3/10
  1149 | D:2      | Learned a level 3 spell: Conjure Flame
  1723 | D:2      | Reached XP level 4. HP: 24/24 MP: 5/11
  2036 | D:3      | Noticed Grinder
  2052 | D:3      | Found a glowing drain.
  2108 | D:3      | Reached skill level 4 in Spellcasting
  2140 | D:3      | Reached XP level 5. HP: 28/28 MP: 0/13
  2194 | Sewer    | Entered a sewer
  2332 | Sewer    | Noticed Purgy
  2342 | Sewer    | Killed Purgy
  2503 | D:3      | Killed Grinder
  2503 | D:3      | Reached skill level 5 in Spellcasting
  2503 | D:3      | Reached skill level 5 in Conjurations
  2503 | D:3      | Reached skill level 5 in Fire Magic
  2503 | D:3      | Reached XP level 6. HP: 22/32 MP: 4/16
  2609 | D:3      | Learned a level 5 spell: Fireball
  3560 | D:4      | Reached XP level 7. HP: 10/36 MP: 13/17
  3986 | D:4      | Reached skill level 6 in Spellcasting
  4063 | D:4      | Found Ibofria's Magic Scroll Boutique.
  4070 | D:4      | Bought a scroll of blinking for 75 gold pieces
  4562 | D:5      | Entered Level 5 of the Dungeon
  4562 | D:5      | Found Wudera's Assorted Antiques.
  4909 | D:5      | Reached skill level 7 in Spellcasting
  4909 | D:5      | Reached XP level 8. HP: 41/41 MP: 14/20
  5094 | D:5      | Found Feanu's Distillery.
  5097 | D:5      | Found Wuss's Antique Armour Shoppe.
  5107 | D:5      | Bought a potion of degeneration for 15 gold pieces
  5239 | D:5      | Found Yclaulid's Distillery.
  5344 | D:5      | Found Ijuicer's Jewellery Shop.
  5550 | D:6      | Noticed pk666's ghost (novice DEFE)
  5559 | D:6      | Killed pk666's ghost
  5559 | D:6      | Reached skill level 8 in Spellcasting
  6428 | D:6      | Noticed Pikel
  6440 | D:6      | HP: 2/41 [acid (11)]
  6770 | D:5      | Reached XP level 9. HP: 39/45 MP: 20/23
  6832 | D:6      | Reached skill level 9 in Spellcasting
  7172 | D:6      | Found a staircase to the Ecumenical Temple.
  7185 | Temple   | Entered the Ecumenical Temple
  7193 | Temple   | Became a worshipper of Vehumet
  7549 | D:6      | Killed Pikel
  7679 | D:6      | Found a runed door.
  7932 | D:6      | Noticed Crazy Yiuf
  7936 | D:6      | Killed Crazy Yiuf
  8295 | D:7      | Reached skill level 10 in Spellcasting
  9605 | D:8      | Reached * piety under Vehumet
  9605 | D:8      | Offered knowledge of Shock by Vehumet.
  9762 | D:7      | Reached XP level 10. HP: 11/50 MP: 10/26
 10604 | D:9      | Reached skill level 11 in Spellcasting
 10765 | D:9      | Found a staircase to the Lair.
 10835 | D:9      | Reached skill level 10 in Conjurations
 11419 | D:9      | Noticed a two-headed ogre
 11425 | D:9      | Killed a two-headed ogre
 11425 | D:9      | Reached skill level 12 in Spellcasting
 11425 | D:9      | Reached skill level 10 in Fire Magic
 11678 | D:9      | Found Tiruor's Armour Shop.
 11714 | D:9      | Offered knowledge of Magic Dart by Vehumet.
 11715 | D:9      | Reached ** piety under Vehumet
 12092 | D:9      | Found a staircase to the Orcish Mines.
 12261 | D:9      | Found a deep blue altar of Sif Muna.
 12595 | Lair:1   | Entered Level 1 of the Lair of Beasts
 12601 | Lair:1   | Reached skill level 5 in Dodging
 12606 | Lair:1   | Noticed a spiny frog
 12755 | D:9      | Learned a level 4 spell: Sticky Flame
 12781 | D:9      | Killed a spiny frog
 12838 | Lair:1   | Reached XP level 11. HP: 47/54 MP: 6/29
 13260 | Lair:1   | Reached skill level 13 in Spellcasting
 13740 | Lair:1   | Offered knowledge of Mephitic Cloud by Vehumet.
 14138 | Lair:2   | Noticed Nergalle
 14458 | Lair:2   | Got a colourful robe
 14469 | Lair:2   | Identified the +1 robe "Opred" {rC- MR+++ Regen+ Slay-4} (You found it on level 2 of the Lair of Beasts)
 14510 | Lair:2   | Killed Nergalle
 14510 | Lair:2   | Reached *** piety under Vehumet
 14694 | Lair:2   | Learned a level 1 spell: Apportation
 14732 | Lair:2   | Found a hole to the Spider Nest.
 14844 | Lair:2   | Reached skill level 14 in Spellcasting
 15570 | Lair:3   | Noticed a four-headed hydra
 15572 | Lair:3   | Offered knowledge of Force Lance by Vehumet.
 15575 | Lair:3   | Killed a four-headed hydra
 15721 | Lair:3   | Found a labyrinth entrance.
 15730 | Lab      | Entered a labyrinth
 16401 | Lab      | Reached XP level 12. HP: 59/59 MP: 18/32
 16568 | Lab      | Noticed a minotaur
 16579 | Lab      | Slain by a minotaur

Vault maps used:
D:1:      roderic_octagonal_star
D:2:      kennysheep_small_spiral, feat_on_display
D:3:      gup_sewer_entry_glass, corexii_hall_statues_deadend, uniq_grinder
D:4:      serial_shops, shop_scrolls
D:5:      first_ration, serial_shops, shop_statue, shop, shop, shop, shop,
          grunt_decor_fettered
D:6:      minmay_temple_entry_butterflies, uniq_pikel, uniq_crazy_yiuf_cottage
D:9:      minmay_distorted_concentric_squares, nicolae_overflow_crystal_walls,
          erik_lair_orcish_takeover, orc_david_3
Temple:   dpeg_three_leaves_temple
Lair:1:   special_room, serial_bayou_shore_b, grunt_megastairs_5
Lair:2:   spider_nest_entry_a, uniq_nergalle
Lair:3:   swamp_mist_pool, lab_entry_generic, infiniplex_staircase_pool_2
Lab:      labyrinth_mini_lab, lab_fountain, nicolae_lab_quarters,
          nicolae_lab_do_over, lab_block, nicolae_lab_grate_2,
          nicolae_lab_grate, nicolae_lab_swirl
Sewer:    sewer_big_baddie

Skill      XL: |  1  2  3  4  5  6  7  8  9 10 11 |
---------------+----------------------------------+-----
Conjurations   | 2 3 5 6 8 9 10 11 | 11.5
Spellcasting   | 4 5 7 8 10 12 14 | 14.7
Fire Magic     | 4 5 6 7 9 10 11 | 11.4
Dodging        | 5 7 |  7.6
Stealth        | |  2.4

Action                   |  1- 3 |  4- 6 |  7- 9 | 10-12 || total
-------------------------+-------+-------+-------+-------++-------
Melee: Unarmed           |     2 |    24 |   115 |     2 ||   143
 Cast: Flame Tongue      |    52 |   103 |   259 |   139 ||   553
       Conjure Flame     |     3 |     2 |    19 |    31 ||    55
       Fireball          |       |       |    26 |   100 ||   126
       Sticky Flame      |       |       |       |    17 ||    17
       Apportation       |       |       |       |     2 ||     2
  Use: Scroll            |       |     9 |     2 |    11 ||    22
       Potion            |       |     6 |       |     3 ||     9
  Eat: Chunk             |     1 |     4 |    19 |    19 ||    43
       Ration            |       |     1 |     1 |     3 ||     5
Armor: Robe              |     3 |    15 |    43 |    13 ||    74
       Skin              |       |    65 |       |       ||    65
Dodge: Dodged            |    13 |    52 |   156 |   103 ||   324

Table legend:
 A = Spawn XP
 B = Non-spawn XP
 C = Spawn XP percentage of total XP
 D = Spawn monster count
 E = Non-spawn monster count
 F = Spawn count percentage of total count
 G = Total turns spent on level
                    A         B        C        D         E        F      G
               +---------+---------+-------+---------+---------+-------+---------
         Total |       0 |   21985 |   0.0 |       0 |     323 |   0.0 | 16579
               +---------+---------+-------+---------+---------+-------+---------
           D:1 |       0 |      21 |   0.0 |       0 |      14 |   0.0 |   823
           D:2 |       0 |      80 |   0.0 |       0 |      17 |   0.0 |  1142
           D:3 |       0 |     476 |   0.0 |       0 |      44 |   0.0 |  1555
           D:4 |       0 |     400 |   0.0 |       0 |      24 |   0.0 |   746
           D:5 |       0 |     623 |   0.0 |       0 |      21 |   0.0 |  1353
           D:6 |       0 |    2172 |   0.0 |       0 |      31 |   0.0 |  2123
           D:7 |       0 |    1025 |   0.0 |       0 |      27 |   0.0 |  1872
           D:8 |       0 |     894 |   0.0 |       0 |      23 |   0.0 |   868
           D:9 |       0 |    4325 |   0.0 |       0 |      52 |   0.0 |  2010
        Lair:1 |       0 |    3485 |   0.0 |       0 |      33 |   0.0 |  1469
        Lair:2 |       0 |    3661 |   0.0 |       0 |      15 |   0.0 |  1279
        Lair:3 |       0 |    1680 |   0.0 |       0 |       5 |   0.0 |   179
           Lab |       0 |    3000 |   0.0 |       0 |      11 |   0.0 |   849
         Sewer |       0 |     143 |   0.0 |       0 |       6 |   0.0 |   296
               +---------+---------+-------+---------+---------+-------+---------
